 Dungeon Sprint DCSS version 0.31.0-32-g396128a36d (webtiles) character file.

Game seed: 253175834042276354

14261 Groucho the Geomancer (level 11, 0/52 HPs)
             Began as a Spriggan Earth Elementalist on Mar 15, 2024.
             Was the Champion of Sif Muna.
             Slain by a sixfirhy (9 damage)
             ... in the Dungeon (Sprint VII: "The Pits").
             The game lasted 00:20:50 (8090 turns).

Groucho the Geomancer (Spriggan Earth Elementalist) Turns: 8090, Time: 00:20:52

Health: 0/52       AC:  4    Str:  4    XL:     11   Next: 86%
Magic:  19/30      EV: 19    Int: 25    God:    Sif Muna [******]
Gold:   50         SH:  0    Dex: 18    Spells: 14/38 levels left

rFire   . . .        h - +2 dagger (freeze)
rCold   . . .        (no shield)
rNeg    . . .        a - +0 robe
rPois   .            (helmet restricted)
rElec   .            z - +1 cloak
rCorr   .            (gloves unavailable)
SInv    +            (boots unavailable)
Will    +....        (no amulet)
Stlth   ++++         n - +3 ring of dexterity
HPRegen 0.28/turn    o - +3 ring of intelligence
MPRegen 0.22/turn

%: no teleportation
@: very quick
A: very small, no large weapons, unfitting armour, see invisible, speed 3
a: Renounce Religion, Channel Magic, Forget Spell, Divine Exegesis


You were in the Dungeon.
You worshipped Sif Muna.
Sif Muna was exalted by your worship.
You visited 1 branch You collected 50 gold pieces.

Inventory:

Hand Weapons
 h - a +2 dagger of freezing (weapon)
 s - a +2 rapier of distortion
Missiles
 m - 17 stones
Armour
 a - a +0 robe (worn)
 z - a +1 cloak (worn)
Jewellery
 n - a +3 ring of dexterity (left hand)
 o - a +3 ring of intelligence (right hand)
 y - a ring of poison resistance
Scrolls
 g - 2 scrolls of identify
 j - 2 scrolls of vulnerability
 k - 5 scrolls of amnesia
 l - 2 scrolls of summoning
 u - 3 scrolls of blinking
 v - 3 scrolls of fear
 w - 2 scrolls of fog
 x - a scroll of silence
Potions
 b - 5 potions of magic
 c - 8 potions of curing
 d - 4 potions of heal wounds
 e - 3 potions of haste
 f - 7 potions of berserk rage
 i - 2 potions of invisibility
 p - 2 potions of resistance
 q - 3 potions of might
 r - 3 potions of brilliance


   Skills:
 - Level 3.0 Fighting
 - Level 5.0 Short Blades
 - Level 3.0 Armour
 - Level 5.0 Dodging
 - Level 7.0 Stealth
 + Level 14.0 Spellcasting
 * Level 12.5 Conjurations
 + Level 2.5 Air Magic
 * Level 14.9 Earth Magic
 + Level 11.5 Alchemy
 - Level 10.0 Invocations


You had 14 spell levels left.
You knew the following spells:

 Your Spells              Type           Power      Damage    Failure   Level
a - Sandblast             Erth           100%       2d20      0%          1
b - Stone Arrow           Conj/Erth      100%       3d13      1%          3
c - Petrify               Alch/Erth      70%        N/A       1%          4
d - Irradiate             Conj/Alch      33%        3d22      1%          5
e - Olgreb's Toxic Radia  Alch           66%        N/A       1%          4
f - Leda's Liquefaction   Alch/Erth      35%        N/A       1%          4
g - Mephitic Cloud        Conj/Alch/Air  58%        N/A       1%          3

Your spell library contained the following spells:

 Spells                   Type           Power      Damage    Failure   Level
 Foxfire                  Conj/Fire      100%       2x1d9     1%          1
 Shock                    Conj/Air       100%       1d9       1%          1
 Sting                    Conj/Alch      100%       1d9       1%          1
 Cigotuvi's Dreadful Rot  Necr/Alch/Air  82%        N/A       1%          2
 Mercury Vapours          Alch/Air       100%       N/A       1%          2
 Momentum Strike          Conj/Tloc      98%        3d10      1%          2
 Searing Ray              Conj           100%       2d8       1%          2
 Static Discharge         Conj/Air       100%       3-8/arc   1%          2
 Passwall                 Erth           75%        N/A       1%          3
 Brom's Barrelling Bould  Conj/Erth      72%        2d9       1%          4
 Fulminant Prism          Conj/Alch      33%        3d16      1%          4
 Iskenderun's Battlesphe  Conj           69%        2d12      1%          5
 Flame Wave               Conj/Fire      49%        2d12      2%          4
 Iskenderun's Mystic Bla  Conj/Tloc      49%        2d11      2%          4
 Apportation              Tloc           34%        N/A       3%          1
 Sticky Flame             Fire/Alch      46%        2d9       3%          4
 Lesser Beckoning         Tloc           34%        N/A       4%          2
 Fireball                 Conj/Fire      24%        3d11      7%          5
 Yara's Violent Unravell  Hex/Alch       23%        3d10      9%          5
 Frozen Ramparts          Ice            34%        1d6       10%         3
 Gell's Gravitas          Tloc           17%        N/A       10%         3
 Teleport Other           Tloc           17%        N/A       10%         3
 Summon Lightning Spire   Summ/Air       24%        N/A       19%         4
 Vhi's Electric Charge    Tloc/Air       48%        N/A       19%         4
 Manifold Assault         Tloc           17%        N/A       32%         4
 Summon Blazeheart Golem  Fire/Summ      17%        N/A       32%         4
 Silence                  Hex/Air        12%        N/A       47%         5
 Metabolic Englaciation   Hex/Ice        8%         N/A       65%         5
 Spellforged Servitor     Conj/Summ      24%        N/A       91%         7
 Dispersal                Tloc           8%         N/A       99%         6
 Malign Gateway           Summ/Tloc      8%         N/A       100%        7


Dungeon Overview and Level Annotations

Branches:
Dungeon (1/1)

Altars:
Ashenzari
Cheibriados
Dithmenos
Elyvilon
Fedhas
Gozag
Hepliaklqana
Kikubaaqudgha
Makhleb
Nemelex Xobeh
Okawaru
Qazlal
Ru
Sif Muna
Trog
Uskayaw
Vehumet
Wu Jian
Xom
Yredelemnul
Zin
The Shining One
Jiyva
Lugonu


Innate Abilities, Weirdness & Mutations

You are very small and have problems with some larger weapons.
You are too small for most types of armour.
You have supernaturally acute eyesight. (SInv)
You cover ground extremely quickly. (Speed+++)


Message History

Aiming: Stone Arrow (safe; 1% risk of failure)
Press: ? - help, Q - select action, (/) - cycle Shift-Dir - straight line, f/p - sixfirhy
Aim: a sixfirhy (moderately wounded, 50% to hit)
The stone arrow misses the sixfirhy.
Unknown command.
Unknown command.
Aiming: Stone Arrow (safe; 1% risk of failure)
Press: ? - help, Q - select action, (/) - cycle Shift-Dir - straight line, f/p - sixfirhy
Aim: a sixfirhy (moderately wounded, 50% to hit)
The stone arrow misses the sixfirhy.
Unknown command.
Unknown command.
Casting: Stone Arrow (safe; 1% risk of failure)
Confirm with . or Enter, or press ? or * to list all spells.
Aiming: Petrify (safe; 1% risk of failure)
Press: ? - help, Shift-Dir - straight line, f/p - sixfirhy
Aim: a sixfirhy (lightly wounded, chance to affect: 46%)
The sixfirhy is moving more slowly.
The sixfirhy hits you but does no damage.
The sixfirhy misses you.
Unknown command.
Unknown command.
The sixfirhy attacks as it pursues you!
The sixfirhy hits you but does no damage.
The sixfirhy hits you. The sixfirhy shocks you! The sixfirhy hits you!
The sixfirhy shocks you!
* * * LOW HITPOINT WARNING * * *
You feel much better. The sixfirhy hits you! The sixfirhy shocks you!
The sixfirhy misses you. The sixfirhy barely misses you.
Unknown command.
Unknown command.
The sixfirhy attacks as it pursues you! The sixfirhy completely misses you.
The sixfirhy closely misses you. x2
The sixfirhy attacks as it pursues you! The sixfirhy hits you.
The sixfirhy shocks you!
* * * LOW HITPOINT WARNING * * *
The sixfirhy hits you.
* * * LOW HITPOINT WARNING * * *
The sixfirhy shocks you!
You die...

#++########################
#..........................
#.....)......@3............
#..##############++########
#..# #..# #..# #..# #..#
#..# ####..#


You could see a sixfirhy (petrifying).

Vanquished Creatures
  Frances (D)
  A death knight (D)
  A deep troll (D)
  A lindwurm (D)
  A swamp dragon (D)
  An ugly thing (D)
  An orc sorcerer (D)
  A cyclops (D)
  An elephant (D)
  A gargoyle (D)
  An orange demon (D)
  2 unseen horrors (D)
  An efreet (D)
  An ice devil (D)
  A red devil (D)
  A freezing wraith (D)
  2 komodo dragons (D)
  A guardian mummy (D)
  5 blink frogs (D)
  7 dream sheep (D)
  A hornet (D)
  A glass eye (D)
  2 snapping turtles (D)
  A spriggan (D)
  5 yaks (D)
  A fire bat (D)
  Grum (D)
  A basilisk (D)
  A small abomination (D)
  2 redbacks (D)
  An acid dragon (D)
  A water moccasin (D)
  An orc warrior (D)
  An ice beast (D)
  A sky beast (D)
  14 wolves (D)
  2 centaurs (D)
  A kobold brigand (D)
  A gnoll sergeant (D)
  A necrophage (D)
  3 quasits (D)
  An iron imp (D)
  2 orc wizards (D)
  A hell rat (D)
  A mummy (D)
  4 gnolls (D)
  2 adders (D)
  A river rat (D)
  An ufetubus (D)
  An adder zombie (D)
  5 orcs (D)
  2 giant cockroaches (D)
  A hobgoblin (D)
  5 jackals (D)
  A ball python (D)
  A kobold (D)
104 creatures vanquished.

Notes
Turn   | Place    | Note
-------+----------+-------------------------------------------
     0 | D        | Groucho the Spriggan Earth Elementalist began the quest for
                  | the Orb.
     0 | D        | Reached XP level 1. HP: 9/9 MP: 5/5
    11 | D        | Noticed a glass eye
   174 | D        | Killed a glass eye
   175 | D        | Reached skill level 5 in Conjurations
   175 | D        | Reached XP level 2. HP: 13/13 MP: 0/10
   175 | D        | Reached XP level 3. HP: 16/16 MP: 0/12
   175 | D        | Reached XP level 4. HP: 21/21 MP: 0/13
   175 | D        | Reached XP level 5. HP: 24/24 MP: 0/15
   583 | D        | Learned a level 3 spell: Stone Arrow
   588 | D        | Learned a level 4 spell: Petrify
   616 | D        | Found a glowing golden altar of the Shining One.
   616 | D        | Found a glowing silver altar of Zin.
   616 | D        | Found a basalt altar of Yredelemnul.
   616 | D        | Found a shimmering altar of Xom.
   616 | D        | Found an ornate altar of the Wu Jian Council.
   616 | D        | Found a bloodstained altar of Trog.
   616 | D        | Found a shimmering blue altar of Sif Muna.
   616 | D        | Found a sacrificial altar of Ru.
   616 | D        | Found a stormy altar of Qazlal.
   616 | D        | Found an iron altar of Okawaru.
   616 | D        | Found a sparkling altar of Nemelex Xobeh.
   616 | D        | Found a burning altar of Makhleb.
   616 | D        | Found a viscous altar of Jiyva.
   616 | D        | Found a hazy altar of Hepliaklqana.
   616 | D        | Found an opulent altar of Gozag.
   616 | D        | Found a blossoming altar of Fedhas.
   616 | D        | Found a white marble altar of Elyvilon.
   616 | D        | Found a shadowy altar of Dithmenos.
   616 | D        | Found a snail-covered altar of Cheibriados.
   617 | D        | Found a radiant altar of Vehumet.
   617 | D        | Found a corrupted altar of Lugonu.
   618 | D        | Found an ancient bone altar of Kikubaaqudgha.
   618 | D        | Found a hide-covered altar of Uskayaw.
   618 | D        | Found a broken altar of Ashenzari.
   619 | D        | Became a worshipper of Sif Muna the Loreminder
   962 | D        | Reached * piety under Sif Muna
  1184 | D        | Reached ** piety under Sif Muna
  1248 | D        | Noticed a fire bat
  1255 | D        | Reached skill level 1 in Short Blades
  1255 | D        | Reached skill level 1 in Alchemy
  1255 | D        | Killed a fire bat
  1255 | D        | Reached *** piety under Sif Muna
  1256 | D        | Reached skill level 1 in Fighting
  1256 | D        | Reached skill level 1 in Armour
  1256 | D        | Reached XP level 6. HP: 7/30 MP: 4/17
  1525 | D        | Reached skill level 5 in Stealth
  1536 | D        | Reached XP level 7. HP: 19/35 MP: 3/18
  1543 | D        | Reached **** piety under Sif Muna
  1878 | D        | Reached skill level 5 in Dodging
  1985 | D        | Reached ***** piety under Sif Muna
  2114 | D        | Noticed an efreet
  2115 | D        | Received a gift from Sif Muna
  2116 | D        | Got Sif Muna's Incunabulum of Vexatious Translocation {god
                  | gift}
  2118 | D        | Noticed a guardian mummy
  2129 | D        | Killed an efreet
  2130 | D        | Reached XP level 8. HP: 40/40 MP: 14/21
  2144 | D        | Killed a guardian mummy
  2822 | D        | Noticed a dream sheep
  2834 | D        | Killed a dream sheep
  2835 | D        | Reached skill level 5 in Short Blades
  2835 | D        | Reached skill level 5 in Alchemy
  2835 | D        | Reached skill level 5 in Invocations
  2843 | D        | Noticed a dream sheep
  2843 | D        | Noticed a dream sheep
  2843 | D        | Noticed a dream sheep
  2843 | D        | Noticed a dream sheep
  2843 | D        | Noticed a dream sheep
  2843 | D        | Noticed a dream sheep
  2847 | D        | Killed a dream sheep
  2848 | D        | Killed a dream sheep
  2849 | D        | Reached skill level 10 in Earth Magic
  2849 | D        | Reached XP level 9. HP: 44/44 MP: 23/23
  2880 | D        | Received a gift from Sif Muna
  2891 | D        | Reached skill level 10 in Spellcasting
  2892 | D        | Got Sif Muna's Volume of the Combative Syncline {god gift}
  3203 | D        | Noticed a komodo dragon
  3216 | D        | Killed a komodo dragon
  3426 | D        | Noticed a cyclops
  3438 | D        | Killed a cyclops
  3500 | D        | Noticed a gargoyle
  3674 | D        | Received a gift from Sif Muna
  3675 | D        | Reached XP level 10. HP: 49/49 MP: 15/25
  3675 | D        | Got Sif Muna's Codex of Embers and the Impact {god gift}
  3682 | D        | Learned a level 5 spell: Irradiate
  3699 | D        | Noticed Grum
  3742 | D        | Killed Grum
  3768 | D        | Reached skill level 10 in Conjurations
  3775 | D        | Noticed an elephant
  3783 | D        | Killed an elephant
  3783 | D        | Received a gift from Sif Muna
  3804 | D        | Learned a level 4 spell: Olgreb's Toxic Radiance
  3870 | D        | Killed a gargoyle
  3956 | D        | Noticed an orc sorcerer
  3959 | D        | Killed an orc sorcerer
  3962 | D        | Noticed a deep troll
  3963 | D        | Reached ****** piety under Sif Muna
  3966 | D        | Killed a deep troll
  4135 | D        | Received a gift from Sif Muna
  4903 | D        | Noticed a spriggan rider
  4911 | D        | Reached XP level 11. HP: 36/52 MP: 8/28
  4915 | D        | Received a gift from Sif Muna
  4917 | D        | Reached skill level 10 in Alchemy
  4919 | D        | Got Sif Muna's Lessons on Limned Astrapomancy {god gift}
  5213 | D        | Received a gift from Sif Muna
  5219 | D        | Got Sif Muna's Lessons on Calefaction {god gift}
  5222 | D        | Noticed Frances
  5241 | D        | Killed Frances
  5373 | D        | Received a gift from Sif Muna
  5374 | D        | Got Xotemig's Folio of Crystal {god gift}
  5380 | D        | Learned a level 4 spell: Leda's Liquefaction
  6023 | D        | Noticed a swamp dragon
  6023 | D        | Noticed a lindwurm
  6034 | D        | Killed a swamp dragon
  6035 | D        | Reached skill level 10 in Invocations
  6045 | D        | Killed a lindwurm
  6684 | D        | Learned a level 3 spell: Mephitic Cloud
  6692 | D        | Noticed a cyan ugly thing
  7222 | D        | Received a gift from Sif Muna
  7223 | D        | Got Xywkaekk's Discursus on the Transposed Volcano {god
                  | gift}
  7244 | D        | Killed a cyan ugly thing
  7245 | D        | Reached skill level 1 in Air Magic
  7571 | D        | Noticed a death knight
  7583 | D        | Killed a death knight
  8076 | D        | Noticed a sixfirhy
  8090 | D        | Slain by a sixfirhy

Illustrated notes

Levels and vault maps discovered:
D:        pitsprint [storerooms_1, entrance_room_1, metal_vault_3, armoury_2,
          mini_pit_1, grid_room_1, main_hall_1, silver_pit, the_coven_3,
          the_vestibule_1, steel_vault_1, golden_pit, hallway_of_sentries,
          crystal_vault_6, iron_vault_4, final_vault]

Skill      XL: |  1  2  3  4  5  6  7  8  9 10 11 |
---------------+----------------------------------+-----
Spellcasting   | 6 7 8 9 10 12 14 | 14.0
Conjurations   | 5 6 7 8 9 11 12 | 12.5
Earth Magic    | 7 8 10 11 13 14 | 14.9
Short Blades   | 2 3 4 5 |  5.0
Dodging        | 4 5 |  5.0
Alchemy        | 2 3 4 5 7 9 11 | 11.5
Fighting       | 1 2 3 |  3.0
Armour         | 1 2 3 |  3.0
Stealth        | 4 5 6 7 |  7.0
Invocations    | 2 3 5 7 9 10 | 10.0
Air Magic      | 2 |  2.5

Action                     |  1- 3 |  4- 6 |  7- 9 | 10-12 || total
---------------------------+-------+-------+-------+-------++-------
  Melee: Unarmed           |   143 |       |       |       ||   143
         Punch             |     2 |       |       |     1 ||     3
         Dagger            |       |       |    27 |    53 ||    80
   Cast: Sandblast         |    18 |       |       |       ||    18
         Stone Arrow       |       |    19 |    44 |    83 ||   146
         Petrify           |       |       |     5 |    20 ||    25
         Irradiate         |       |       |       |     6 ||     6
         Olgreb's Toxic Ra |       |       |       |     8 ||     8
         Mephitic Cloud    |       |       |       |     2 ||     2
         Leda's Liquefacti |       |       |       |     2 ||     2
 Invoke: Channel Magic     |       |     1 |     4 |     8 ||    13
    Use: Potion            |       |       |     2 |     6 ||     8
         Scroll            |       |       |       |     1 ||     1
   Stab: Petrified         |       |       |     7 |    21 ||    28
         Sleeping          |       |       |     1 |       ||     1
         Confused          |       |       |       |     4 ||     4
         Petrifying        |       |       |       |     2 ||     2
 Armour: Robe              |       |     6 |     6 |    43 ||    55
  Dodge: Dodged            |       |     6 |    24 |    74 ||   104
